Map: Darkness Sanctuary LE

Players

Juxtapose - Winner!

  • Race: Terran Terran
  • Spawn Location: 11:00

VOD

https://youtu.be/LrS-kzfmzeo

Description

Time

  • Played on: June 21, 2018, 7:58 p.m.
  • Length: 39:21
Show
View Real Time Build Order
Export as new Build Order

Juxtapose Terran - Winner!

Build Orders:  

Get SALT Encoding   

  12  0:01  SCV  
  13  0:18  SCV  
  14  0:37  SCV  
  14  0:38  Supply Depot  
  15  1:08  SCV  
  16  1:13  Barracks  
  16  1:18  Supply Depot  
  16  1:25  SCV  
  16  1:26  Refinery  
  17  1:42  Refinery, SCV  
  18  1:59  SCV  
  20  2:20  Orbital Command  
  19  2:31  Marine  
  20  2:46  Engineering Bay  
  20  2:50  Supply Depot  
  20  3:00  Barracks Reactor  
  20  3:02  Barracks  
  20  3:07  SCV  
  21  3:28  SCV  
  22  3:44  Terran Infantry Weapons Level 1  
  22  3:45  SCV  
  23  3:51  Marine x2  
  23  3:57  Supply Depot  
  25  4:02  SCV  
  25  4:08  Barracks Tech Lab  
  26  4:19  SCV  
  27  4:20  Marine x2  
  29  4:40  Stimpack  
  29  4:49  Marine x2  
  31  5:04  Command Center  
  31  5:10  Marauder  
  31  5:17  Marine x2  
  35  5:42  Marauder  
  35  5:44  Marine x2  
  39  5:59  Factory  
  39  6:09  Marine x2  
  41  6:12  Marauder  
  43  6:24  Terran Infantry Armor Level 1  
  43  6:33  SCV  
  43  6:38  Marine  
  43  6:39  Marine  
  46  6:44  Marauder  
  46  6:48  Orbital Command  
  48  6:50  SCV  
  48  6:58  Supply Depot  
  49  7:07  SCV  
  50  7:14  Starport  
  50  7:20  Marauder  
  50  7:24  SCV  
  50  7:29  Supply Depot  
  53  7:30  SCV  
  53  7:38  Unknown  
  54  7:41  SCV  
  54  7:47  SCV  
  54  7:49  Marine x2  
  58  7:52  Marauder  
  58  7:58  SCV  
  61  8:07  Starport Reactor  
  61  8:11  SCV  
  61  8:15  Refinery, SCV  
  61  8:17  Marine x2  
  61  8:18  Widow Mine  
  65  8:22  Marauder  
  69  8:40  Supply Depot  
  69  8:45  Refinery, SCV  
  69  8:46  SCV  
  69  8:48  Widow Mine, Marine x2  
  73  8:52  Marauder  
  77  9:14  Medivac x2  
  81  9:20  SCV x2  
  83  9:35  Marauder  
  83  9:36  Marine  
  86  9:45  Supply Depot  
  86  10:15  SCV x2, Marine, Medivac x2  
  86  10:17  Supply Depot  
  93  10:30  Marine  
  93  10:37  Widow Mine  
  94  10:47  Marauder, Marine  
  99  10:53  Supply Depot  
  99  10:55  Marine, Command Center  
  102  11:13  Widow Mine  
  102  11:23  Marine  
  102  11:25  Armory  
  102  11:26  Supply Depot  
  108  11:54  Marine x2, Factory Tech Lab  
  108  11:56  Marauder, Concussive Shells  
  112  12:08  Unknown  
  115  12:17  Supply Depot  
  115  12:23  Unknown  
  118  12:38  Terran Vehicle Weapons Level 1  
  118  12:40  Terran Infantry Weapons Level 2  
  118  12:41  Widow Mine  
  118  12:47  Supply Depot  
  118  12:49  Drilling Claws  
  120  13:08  Unknown  
  120  13:11  Widow Mine  
  120  13:23  Unknown  
  115  13:50  Widow Mine  
  115  13:52  Marine  
  115  13:53  Marauder, Marine  
  81  14:17  Marine  
  81  14:18  Marine  
  58  14:23  Marauder  
  58  14:29  Orbital Command  
  62  14:42  Marine  
  62  14:43  Marine  
  62  14:48  Siege Tank  
  65  14:53  Marauder  
  65  14:55  Unknown  
  65  14:56  Unknown  
  67  15:07  Marine x2  
  66  15:23  Marauder, Terran Vehicle Weapons Level 2  
  66  15:26  Medivac  
  66  15:27  Medivac  
  72  15:32  Marine x2  
  72  15:33  Siege Tank  
  77  15:53  Marauder  
  77  15:58  Marine x2  
  81  16:01  Terran Infantry Armor Level 2  
  81  16:07  SCV  
  81  16:08  Medivac x2  
  86  16:18  Siege Tank  
  89  16:23  Marauder, Marine x2  
  89  16:24  SCV  
  76  17:00  Marine  
  76  17:01  Marauder, Marine  
  76  17:03  Siege Tank  
  76  17:10  Siege Tank  
  75  17:25  Marine x2  
  74  17:31  Marauder  
  73  17:48  Siege Tank  
  70  17:50  Unknown x2, Medivac x2  
  70  18:01  Marauder  
  71  18:18  Marine x2  
  70  18:29  SCV  
  71  18:31  Refinery, Marine  
  71  18:32  Medivac  
  71  18:33  Siege Tank  
  71  18:35  Refinery  
  80  18:42  Marine  
  80  18:43  Marine  
  80  18:46  SCV  
  83  18:56  Marauder  
  85  19:03  SCV  
  83  19:18  Siege Tank  
  86  19:20  SCV  
  86  19:26  Marauder  
  89  19:32  Unknown  
  89  19:41  Marine  
  89  19:42  Marine  
  91  19:52  Barracks  
  91  19:56  Marauder, Terran Vehicle Weapons Level 3  
  91  19:58  Terran Infantry Weapons Level 3  
  93  20:03  Siege Tank  
  93  20:06  Marine  
  93  20:07  Marine  
  98  20:25  Marauder  
  100  20:31  Marine  
  100  20:32  Marine  
  108  20:44  Siege Tank x2  
  108  20:47  Command Center  
  108  20:55  Marauder  
  108  20:56  Marine x2  
  108  20:59  Barracks  
  112  21:16  Barracks Reactor  
  112  21:21  Marine x2  
  112  21:25  Marauder  
  116  21:39  Unknown x2, Medivac  
  118  21:53  Marine x2  
  118  21:55  Marauder  
  122  22:05  Barracks  
  122  22:18  Marine x2  
  124  22:25  Marauder  
  118  22:43  Marine x2  
  114  22:53  Marine  
  114  22:55  Marine x3  
  114  22:57  Siege Tank x2  
  114  22:58  Siege Tank x3  
  122  23:02  Siege Tank  
  122  23:08  Marine x2  
  125  23:18  Marine  
  122  23:20  Marauder  
  119  23:43  Marine  
  119  23:47  Siege Tank  
  123  23:50  Marauder  
  123  23:59  Unknown x2, Medivac x2  
  120  24:15  Marine x2  
  120  24:16  Marine x2  
  121  24:20  Marine  
  119  24:37  Planetary Fortress  
  119  24:45  Marauder  
  121  24:52  Marine x4  
  121  24:55  Siege Tank  
  131  25:06  Command Center  
  131  25:15  Marauder  
  136  25:24  Marine x2  
  136  25:25  Marine x3  
  141  25:40  Siege Tank  
  141  25:45  Marauder  
  146  25:56  Unknown  
  146  26:15  Marauder  
  146  26:19  Unknown  
  138  26:45  Marauder  
  139  27:02  Orbital Command  
  139  27:12  Refinery  
  139  27:18  Refinery  
  139  27:19  Terran Vehicle And Ship Armor Level 1  
  139  27:21  Terran Infantry Armor Level 3  
  139  27:41  Siege Tank x7  
  139  27:54  Medivac x2  
  139  27:55  Marine x2  
  139  27:56  Marauder  
  139  27:58  Siege Tank  
  150  28:26  Marauder  
  152  28:41  Marine x2  
  152  28:42  Marine  
  152  28:43  Marine x2  
  157  28:56  Marauder  
  159  29:26  Marauder  
  161  30:08  Command Center  
  161  30:22  SCV  
  161  30:28  Terran Vehicle And Ship Armor Level 2  
  162  30:40  Barracks Tech Lab  
  161  31:01  Barracks Reactor  
  161  31:02  Marine  
  161  31:03  Marine x2  
  164  31:17  Ghost Academy  
  164  31:23  Marauder  
  162  31:53  Marauder  
  164  32:00  Fusion Core  
  164  32:01  Planetary Fortress  
  164  32:21  Personal Cloaking  
  164  32:23  Marauder  
  164  32:28  Siege Tank  
  202  33:30  Weapon Refit  
  166  33:42  Marine x2  
  166  33:45  Structure Armor  
  166  33:47  Terran Vehicle And Ship Armor Level 3  
  168  33:53  Medivac x2  
  172  34:06  Supply Depot  
  172  34:07  Ghost  
  174  34:47  Ghost  
  176  35:05  Hi-Sec Auto Tracking  
  176  35:16  Supply Depot  
  176  35:48  Supply Depot  
  176  36:05  Neosteel Frame  
  176  36:06  Unknown  
  176  36:22  Supply Depot  
Tags
 
Add a new tag
Caveats
  • Supply blocks, unpowered buildings, or Contaminate may cause inaccurate times.
  • Supply counts are checked every 10 seconds.